 Dungeon Crawl Stone Soup version 0.25-a0-35-g747a2b3c0c (webtiles) character file.

Game seed: 8117018180778769739, levelgen mode: deterministic

12024 Chiseanne the Destroyer (level 11, -1/68 HPs)
             Began as a Demonspawn Wizard on Oct 18, 2019.
             Was an Elder of Vehumet.
             Slain by Urug
             ... wielding a +1 double sword of holy wrath
              (25 damage)
             ... on level 11 of the Dungeon.
             The game lasted 00:42:04 (17130 turns).

Chiseanne the Destroyer (Demonspawn Wizard)        Turns: 17130, Time: 00:42:04

Health: -1/68      AC:  7    Str: 12    XL:     11   Next: 57%
Magic:  18/24      EV: 27    Int: 22    God:    Vehumet [****..]
Gold:   657        SH:  7    Dex: 17    Spells: 14/28 levels left

rFire    + . .     SeeInvis .   a - +5 rapier "Dragonslayer" {flame, rF+ Str+4}
rCold    . . .     Gourm    .   N - +2 buckler
rNeg     . . .     Faith    .   U - +2 robe {Archmagi}
rPois    .         Spirit   .   P - +2 hat {MR+}
rElec    .         Reflect  .   R - +0 cloak
rCorr    .         Harm     .   (gloves unavailable)
MR       +....                  (no boots)
Stlth    +++.......             (no amulet)
HPRegen  0.21/turn              (no ring)
MPRegen  0.19/turn              (no ring)

@: agile, repel missiles
A: claws 3, repulsion field 3, powered by death 1, powered by pain 2
a: Renounce Religion


You were on level 11 of the Dungeon.
You worshipped Vehumet.
Vehumet was greatly pleased with you.
You were not hungry.

You visited 1 branch of the dungeon, and saw 11 of its levels.
You also visited: Ossuary.

You collected 657 gold pieces.

Inventory:

Hand Weapons
 a - the +5 rapier "Dragonslayer" (weapon) {flame, rF+ Str+4}
   (You found it on level 4 of the Dungeon)

   It has been specially enchanted to burn those struck by it, causing extra
   injury to most foes and up to half again as much damage against particularly
   susceptible opponents.
   It affects your strength (+4).
   It protects you from fire.
 g - a +2 club
 s - a +2 dagger of venom
Missiles
 f - 168 stones
 l - 104 sling bullets
 p - 107 arrows
 r - 74 bolts
 y - 2 throwing nets (quivered)
 D - 4 javelins
 Q - 3 boomerangs
Armour
 w - a +0 large shield
 z - the +0 plate armour of Bedevilment {Str+5, unknown}
   (You found it on level 4 of the Dungeon)

   It affects your strength (+5).
 L - a +0 shield
 N - a +2 buckler (worn)
 P - a +2 hat of magic resistance (worn)
 R - a +0 cloak (worn)
 U - a +2 robe of the Archmagi (worn)
Wands
 b - a wand of acid (3)
 j - a wand of flame (18)
 H - a wand of clouds (1)
 I - a wand of random effects (13)
 S - a wand of digging (10)
Scrolls
 e - 10 scrolls of teleportation
 h - 5 scrolls of blinking
 i - 4 scrolls of remove curse
 n - a scroll of magic mapping
 x - a scroll of identify
 A - a scroll of immolation
 K - a scroll of amnesia
Potions
 c - 2 potions of mutation
 k - a potion of degeneration {unknown}
 m - a potion of berserk rage {unknown}
 o - 2 potions of invisibility
 q - 2 potions of cancellation
 t - 3 potions of haste
 u - 2 potions of might
 v - 4 potions of brilliance
 B - 4 potions of curing
 C - 3 potions of flight {unknown}
 E - 2 potions of agility
 G - a potion of heal wounds {unknown}
Comestibles
 d - 10 rations
 F - 7 chunks of flesh


   Skills:
 - Level 8.1 Dodging
 - Level 1.7 Stealth
 - Level 4.3 Shields
 * Level 9.1 Spellcasting
 - Level 9.1 Conjurations
   Level 1.0 Summonings
 - Level 0.8 Translocations
 - Level 3.8 Fire Magic
 - Level 6.7 Air Magic
 * Level 2.6 Evocations


You had 14 spell levels left.
You knew the following spells:

 Your Spells              Type           Power        Failure   Level  Hunger
a - Magic Dart            Conj           ####         1%          1    None
b - Blink                 Tloc           N/A          7%          2    None
c - Conjure Flame         Conj/Fire      ######..     1%          3    None
d - Mephitic Cloud        Conj/Pois/Air  #####...     1%          3    None
e - Fireball              Conj/Fire      ######....   3%          5    ####...

Your spell library contained the following spells:

 Spells                   Type           Power        Failure   Level  Hunger
 Poison Arrow             Conj/Pois      #####.....   36%         6    ######.
 Dazzling Spray           Conj/Hex       #####.       1%          3    None
 Confusing Touch          Hex            ###...       7%          1    None
 Corona                   Hex            ###....      7%          1    None
 Call Imp                 Summ           ###.....     7%          2    None
 Ensorcelled Hibernation  Hex/Ice        ###...       10%         2    None
 Slow                     Hex            ###.....     10%         2    None
 Gell's Gravitas          Tloc           ###.......   14%         3    None
 Confuse                  Hex            ###.....     21%         3    None
 Tukima's Dance           Hex            ###.....     21%         3    None
 Yara's Violent Unravell  Hex/Tmut       ###.......   41%         5    ####...
 Silence                  Hex/Air        #####.....   43%         5    ####...
 Cause Fear               Hex            ###.......   54%         4    ##.....
 Petrify                  Tmut/Erth      ###.....     54%         4    ##.....
 Metabolic Englaciation   Hex/Ice        ###.......   88%         5    ####...
 Deflect Missiles         Chrm/Air       #####.....   95%         6    ######.
 Discord                  Hex            ###.......   100%        8    #######


Dungeon Overview and Level Annotations

Branches:
Dungeon (11/15)            Temple (0/1) D:5            Lair (0/6) D:8
    Orc (0/2) D:10        Ossuary (visited)

Altars:
Ashenzari
Cheibriados
Elyvilon
Gozag
Kikubaaqudgha
Okawaru
Qazlal
Ru
Sif Muna
Vehumet
Xom
The Shining One

Shops:
D:4 }   D:6 %   D:8 =

Annotations:
D:9 exclusion: 2 doors
D:11 Urug


Innate Abilities, Weirdness & Mutations

You have claws for hands.
You are surrounded by a strong repulsion field. (EV +4, RMsl)
You regenerate a little health from kills.
You sometimes gain power by taking damage.


Message History

Aiming: Cloud Cone
Press: ? - help, Dir - move target cursor, f - you That would be overly suicidal.
Okay, then.
Unknown command.
Unknown command.
Evoke which item? (* to show all) (? for menu, Esc to quit)
Aiming: Cloud Cone
Press: ? - help, Dir - move target cursor, f - Urug
Aim: Urug, wielding a +1 double sword of holy wrath and wearing a +0 scale mail You create a blast of noxious fumes!
Urug is engulfed in noxious fumes.
Urug is engulfed in noxious fumes.
Urug appears confused.
You hit Urug. You burn Urug.
Urug is lightly wounded.
Urug is engulfed in noxious fumes.
Urug hits you with a +1 double sword of holy wrath!!
You focus on the pain.
You feel agile all of a sudden.
You convulse!!
You die...

h.h........ .......
..........# .......
..........# .......
.......... .......
........##.......
...............
########§####'###....
#...@o§§§§......'....
#..÷.§§§§§......#....
#...............#....
#(..)...........#H...
#.....###########..##
##'####......H.......
#########.....#....###.......
#.............#....# #....###
#......÷......#....# #....#


You could see Urug (confused).

Vanquished Creatures
  Gastronok (D:8)
  A two-headed ogre (D:9)
  Pikel (D:9)
  An ugly thing (D:9)
  A cyclops (D:10)
  Maurice (D:9)
  2 gargoyles
  A kobold demonologist (D:11)
  A merfolk (D:9)
  A troll (D:10)
  2 hornets
  4 hippogriffs
  A wraith (Ossuary)
  2 wyverns
  A steam dragon (D:10)
  Grum (D:8)
  2 hungry ghosts
  Menkaure (D:4)
  A swamp drake (D:8)
  A sky beast (D:7)
  An ice beast (D:10)
  An eye of draining (D:11)
  A necrophage (D:11)
  2 phantoms (D:10)
  A black bear (D:9)
  2 orc warriors (D:8)
  5 ogres
  2 wolves (D:8)
  2 centaurs
  3 crocodiles (D:8)
  2 big kobolds
  4 bullfrogs
  A scorpion (D:10)
  2 troll zombies (D:10)
  11 killer bees
  4 wights (D:8)
  5 howler monkeys
  8 crimson imps
  A centaur zombie (D:6)
  5 hounds
  A jelly (D:3)
  5 orc priests
  2 bullfrog skeletons
  3 centaur skeletons
  An iguana (D:10)
  4 orc wizards
  5 worker ants
  6 ogre zombies (D:10)
  A hound zombie (D:5)
  A hound skeleton (D:10)
  A mummy (Ossuary)
  14 gnolls
  A howler monkey skeleton (D:6)
  21 adders
  6 shadow imps
  An ooze (D:3)
  2 adder zombies (D:9)
  A worm (D:5)
  2 dart slugs (D:1)
  4 leopard geckos
  24 orcs
  8 giant cockroaches
  7 goblins
  10 hobgoblins
  11 jackals
  6 quokkas
  11 bats
  8 frilled lizards
  6 gnoll skeletons (Ossuary)
  5 goblin zombies (D:10)
  A hobgoblin skeleton (D:10)
  2 hobgoblin zombies (D:10)
  11 kobolds
  6 kobold skeletons (Ossuary)
  17 orc skeletons
  12 orc zombies (D:10)
  2 quokka zombies (D:8)
  8 rats
327 creatures vanquished.

Vanquished Creatures (others)
  4 slaves (D:9)
  A jelly (D:9)
5 creatures vanquished.

Grand Total: 332 creatures vanquished

Notes
Turn   | Place    | Note
-------+----------+-------------------------------------------
     0 | D:1      | Chiseanne the Demonspawn Wizard began the quest for the
                  | Orb.
     0 | D:1      | Reached XP level 1. HP: 13/13 MP: 4/4
   846 | D:1      | Gained mutation: You are surrounded by a mild repulsion
                  | field. (EV +2) [demonic ancestry]
   846 | D:1      | Reached XP level 2. HP: 12/19 MP: 0/6
  1402 | D:1      | Learned a level 2 spell: Blink
  1875 | D:1      | Reached XP level 3. HP: 24/24 MP: 5/8
  1916 | D:1      | Learned a level 3 spell: Conjure Flame
  1920 | D:1      | Learned a level 3 spell: Mephitic Cloud
  2620 | D:2      | Found an iron altar of Okawaru.
  2624 | D:2      | Found a shattered altar of Ashenzari.
  2642 | D:2      | Reached skill level 1 in Air Magic
  2649 | D:2      | Gained mutation: You sometimes gain a little power by
                  | taking damage. [demonic ancestry]
  2649 | D:2      | Reached XP level 4. HP: 29/30 MP: 1/9
  2746 | D:2      | Found a radiant altar of Vehumet.
  2746 | D:2      | Found a shimmering altar of Xom.
  2748 | D:2      | Found a snail-covered altar of Cheibriados.
  2752 | D:2      | Became a worshipper of Vehumet
  3410 | D:3      | Gained mutation: You are surrounded by a moderate repulsion
                  | field. (EV +3) [demonic ancestry]
  3410 | D:3      | Reached XP level 5. HP: 31/35 MP: 5/11
  3459 | D:3      | Found a stormy altar of Qazlal.
  4499 | D:3      | Noticed an ogre
  4507 | D:3      | Killed an ogre
  4507 | D:3      | Gained mutation: You regenerate a little health from kills.
                  | [demonic ancestry]
  4507 | D:3      | Reached XP level 6. HP: 18/41 MP: 6/12
  4703 | D:3      | Found a sacrificial altar of Ru.
  5012 | D:3      | Reached * piety under Vehumet
  5012 | D:3      | Offered knowledge of Flame Tongue by Vehumet.
  5374 | D:4      | Found Nagi's Gadget Emporium.
  5376 | D:4      | Got a twisted plate armour
  5604 | D:4      | Found an opulent altar of Gozag.
  5604 | D:4      | Found a glowing golden altar of the Shining One.
  5773 | D:4      | Noticed Menkaure
  5917 | D:4      | Killed Menkaure
  5917 | D:4      | Gained mutation: You sometimes gain power by taking damage.
                  | [demonic ancestry]
  5917 | D:4      | Reached XP level 7. HP: 25/46 MP: 7/14
  6069 | D:4      | Got an iridescent rapier
  6072 | D:4      | Identified the +5 rapier "Dragonslayer" {flame, rF+ Str+4}
                  | (You found it on level 4 of the Dungeon)
  6148 | D:5      | Entered Level 5 of the Dungeon
  6235 | D:5      | Found a staircase to the Ecumenical Temple.
  6253 | D:5      | Reached skill level 5 in Spellcasting
  6518 | D:5      | Found a sand-covered staircase.
  6536 | Ossuary  | Entered an ossuary
  6536 | Ossuary  | Noticed a wraith
  6536 | Ossuary  | Noticed a wraith
  6536 | Ossuary  | Noticed a wraith
  6761 | Ossuary  | Noticed a wraith
  6784 | Ossuary  | Killed a wraith
  6819 | Ossuary  | Reached ** piety under Vehumet
  6819 | Ossuary  | Offered knowledge of Shock by Vehumet.
  7181 | D:5      | Offered knowledge of Stone Arrow by Vehumet.
  7351 | D:5      | Found an ancient bone altar of Kikubaaqudgha.
  7466 | D:5      | Gained mutation: You have sharp fingernails. [demonic
                  | ancestry]
  7466 | D:5      | Reached XP level 8. HP: 52/52 MP: 11/16
  7512 | D:5      | Reached skill level 5 in Conjurations
  7754 | D:6      | Reached *** piety under Vehumet
  7957 | D:6      | Got a translucent hand axe
  8722 | D:6      | Found Piegis's Food Emporium.
  8886 | D:7      | Noticed a hippogriff
  8901 | D:7      | Killed a hippogriff
  9195 | D:7      | Offered knowledge of Olgreb's Toxic Radiance by Vehumet.
  9504 | D:7      | Noticed a hippogriff
  9516 | D:7      | Killed a hippogriff
  9516 | D:7      | Reached skill level 5 in Dodging
  9702 | D:7      | Reached skill level 5 in Air Magic
  9819 | D:7      | Gained mutation: You are surrounded by a strong repulsion
                  | field. (EV +4, RMsl) [demonic ancestry]
  9819 | D:7      | Reached XP level 9. HP: 57/57 MP: 10/18
  9932 | D:8      | Noticed Gastronok
 10148 | D:8      | Found Demast's Jewellery Shoppe.
 10256 | D:8      | Reached **** piety under Vehumet
 10397 | D:8      | Killed Gastronok
 10397 | D:8      | Gained mutation: You have very sharp fingernails. [demonic
                  | ancestry]
 10397 | D:8      | Reached XP level 10. HP: 63/63 MP: 7/21
 10746 | D:8      | Offered knowledge of Fireball by Vehumet.
 10865 | D:8      | Found a staircase to the Lair.
 11042 | D:8      | Found a shimmering blue altar of Sif Muna.
 11228 | D:8      | Noticed Grum
 11237 | D:8      | Killed Grum
 11521 | D:8      | Learned a level 5 spell: Fireball
 11868 | D:8      | Reached skill level 1 in Fire Magic
 11934 | D:8      | Found a white marble altar of Elyvilon.
 12023 | D:9      | Reached skill level 1 in Shields
 12759 | D:9      | Noticed Maurice
 12761 | D:9      | Reached ***** piety under Vehumet
 12770 | D:9      | Killed Maurice
 12802 | D:9      | Offered knowledge of Irradiate by Vehumet.
 12942 | D:9      | Noticed Pikel
 12959 | D:9      | Killed Pikel
 13039 | D:9      | Noticed a white ugly thing
 13042 | D:9      | Found a large runed translucent door.
 13042 | D:9      | Found a large runed translucent door.
 13054 | D:9      | Noticed a two-headed ogre
 13096 | D:9      | Killed a cyan ugly thing
 13449 | D:9      | Killed a two-headed ogre
 13449 | D:9      | Gained mutation: You have claws for hands. [demonic
                  | ancestry]
 13449 | D:9      | Reached XP level 11. HP: 44/68 MP: 14/23
 13884 | D:9      | Identified the +0 hand axe "Fifink" {antimagic, Dex+3} (You
                  | found it on level 6 of the Dungeon)
 13981 | D:9      | Found a shimmering altar of Xom.
 13981 | D:9      | Noticed a fire crab
 13984 | D:9      | Found a shimmering altar of Xom.
 13984 | D:9      | Noticed a stone giant
 14006 | D:10     | Entered Level 10 of the Dungeon
 15557 | D:10     | Offered knowledge of Poison Arrow by Vehumet.
 15747 | D:10     | Found a staircase to the Orcish Mines.
 16386 | D:11     | Reached skill level 1 in Evocations
 16540 | D:11     | Noticed Urug
 17130 | D:11     | Slain by Urug

Levels and vault maps discovered:
D:1:      sevenhm_arrival_forest_fort_small_3, layout_basic
D:2:      layout_rooms, grunt_temple_overflow_open, minmay_octomino_j4
D:3:      layout_loops_ring, nicolae_qazlal_general_emergency,
          lemuel_doored_altar, first_ration
D:4:      layout_basic, gammafunk_temple_overflow_wave, serial_shops, shop,
          uniq_menkaure
D:5:      layout_basic, kiku_gazebo_pond_becter,
          minmay_temple_entry_stoned_glass, enter_ossuary_1
D:6:      layout_basic, serial_shops, kennysheep_mini, serial_glass,
          glass_columns_a, glass_columns_b
D:7:      layout_loops_corners
D:8:      layout_rooms, marbit_many_paths, lemuel_coloured_pillars_altar,
          erik_lair_dragon, serial_shops, shop, uniq_gastronok, uniq_grum
D:9:      layout_basic, hangedman_fish_farm, jmf_multi_god_temple2, uniq_pikel,
          uniq_maurice
D:10:     layout_basic, zombieorc2_lemuel
D:11:     layout_stronghold, uniq_urug

Skill      XL: |  1  2  3  4  5  6  7  8  9 10 11 |
---------------+----------------------------------+-----
Conjurations   | 2 3 4 6 7 8 9 |  9.1
Air Magic      | 1 2 3 5 6 |  6.7
Dodging        | 2 3 4 5 6 7 8 |  8.1
Spellcasting   | 4 5 6 7 8 9 |  9.1
Fire Magic     | 2 3 |  3.8
Shields        | 4 |  4.3
Evocations     | 2 |  2.6
Stealth        | |  1.7
Summonings     | |  1.0
Translocations | |  0.8

Action                   |  1- 3 |  4- 6 |  7- 9 | 10-12 || total
-------------------------+-------+-------+-------+-------++-------
Melee: Unarmed           |    40 |       |       |       ||    40
       Club              |    11 |       |       |       ||    11
       Dagger            |    27 |   105 |       |       ||   132
       Rapier            |       |       |    50 |   134 ||   184
Throw: Stone             |       |       |     2 |       ||     2
       Throwing net      |       |       |     1 |       ||     1
 Cast: Magic Dart        |    86 |   150 |   293 |   408 ||   937
       Blink             |     3 |     2 |     1 |    15 ||    21
       Conjure Flame     |       |     6 |    14 |    45 ||    65
       Mephitic Cloud    |       |     4 |    11 |    39 ||    54
       Fireball          |       |       |       |     5 ||     5
Evoke: Wand              |       |       |       |    24 ||    24
  Use: Scroll            |     1 |     7 |     8 |    11 ||    27
       Potion            |       |       |       |     1 ||     1
 Stab: Sleeping          |     1 |       |       |       ||     1
       Confused          |       |       |     1 |     8 ||     9
  Eat: Chunk             |     5 |     8 |     7 |    12 ||    32
       Ration            |       |     1 |     2 |     3 ||     6
Armor: Robe              |    20 |    17 |    12 |    25 ||    74
Dodge: Dodged            |    87 |    87 |   107 |   132 ||   413
       Deflected         |       |       |       |     2 ||     2
Block: Buckler           |       |       |       |    43 ||    43

Table legend:
 A = Non-vault XP
 B = Vault XP
 C = Vault XP percentage of total XP
 D = Non-vault monster count
 E = Vault monster count
 F = Vault count percentage of total count
                 A         B        C        D         E       F
            +---------+---------+-------+---------+---------+-------
      Total |   10778 |    6400 |  37.3 |     244 |      83 |  25.4
            +---------+---------+-------+---------+---------+-------
        D:1 |      45 |       0 |   0.0 |      25 |       0 |   0.0
        D:2 |      72 |       6 |   7.7 |      22 |       4 |  15.4
        D:3 |     346 |       0 |   0.0 |      29 |       0 |   0.0
        D:4 |     225 |     157 |  41.1 |      15 |       1 |   6.2
        D:5 |     416 |       0 |   0.0 |      21 |       0 |   0.0
        D:6 |     411 |       0 |   0.0 |      16 |       0 |   0.0
        D:7 |    1254 |       0 |   0.0 |      21 |       0 |   0.0
        D:8 |    1100 |    3255 |  74.7 |      29 |      10 |  25.6
        D:9 |    2026 |    1981 |  49.4 |      26 |       6 |  18.8
       D:10 |    2699 |     738 |  21.5 |      26 |      35 |  57.4
       D:11 |    2184 |       0 |   0.0 |      14 |       0 |   0.0
    Ossuary |       0 |     263 | 100.0 |       0 |      27 | 100.0
            +---------+---------+-------+---------+---------+-------
